 Dungeon Crawl Stone Soup version 0.30.0-29-ga12c61a403 (webtiles) character file.

Game seed: 16571266779094507772

15673 AlmostDecent the Frost Mage (level 12, -12/91 HPs)
             Began as a Gnoll Ice Elementalist on June 9, 2023.
             Was an Elder of Vehumet.
             Mangled by an anaconda simulacrum (20 damage)
             ... in an ice cave on June 10, 2023.
             The game lasted 00:54:05 (11291 turns).

AlmostDecent the Frost Mage (GnIE)                 Turns: 11291, Time: 00:54:06

Health: -12/91     AC: 10    Str: 10    XL:     12   Next: 29%
Magic:  17/25      EV: 12    Int: 18    God:    Vehumet [****..]
Gold:   571        SH:  0    Dex: 12    Spells: 8/29 levels left

rFire   . . .        k - +4 short sword (drain)
rCold   . . .        (no shield)
rNeg    . . .        C - +2 robe {Will+}
rPois   .            K - +1 hat
rElec   .            F - +0 cloak
rCorr   .            v - +2 pair of gloves
SInv    +            (no boots)
Will    +....        p - amulet of magic regeneration
Stlth   ++++         o - ring of see invisible
HPRegen 1.15/turn    j - ring of wizardry
MPRegen 0.59/turn

%: clarity, wizardry (x1)
@: constricted
A: fangs 1, strong nose, distributed training, horns 1, clarity, regeneration 1
a: Renounce Religion


You were in an ice cave.
You worshipped Vehumet.
Vehumet was greatly pleased with you.
You visited 2 branches of the dungeon, and saw 13 of its levels.
You also visited: Ice Cave.

You collected 876 gold pieces.
You spent 305 gold pieces at shops.

Inventory:

Hand Weapons
 k - a +4 short sword of draining (weapon)
Armour
 v - a +2 pair of gloves (worn)
 w - a +2 kite shield
 x - a +1 helmet
 y - the +1 ring mail "Qosk" {Rampage Drain Int+3}
   (You bought it in a shop on level 1 of the Dungeon)

   Int:       It affects your intelligence (+3).
   Drain:     It drains your maximum health when unequipped.
   Rampage:   It bestows one free step when moving towards enemies.
 C - a +2 robe of willpower (worn)
 F - a +0 cloak (worn)
 H - a +2 chain mail of fire resistance
 K - a +1 hat (worn)
Jewellery
 e - a ring of protection from fire
 j - a ring of wizardry (right hand)
 o - a ring of see invisible (left hand)
 p - an amulet of magic regeneration (around neck)
 A - a ring of flight
Wands
 g - a wand of flame (16)
 i - a wand of charming (8)
 D - a wand of mindburst (7)
Scrolls
 f - 7 scrolls of teleportation
 r - 3 scrolls of enchant armour
 s - 4 scrolls of enchant weapon
 B - a scroll of fog
 E - 3 scrolls of silence
 G - a scroll of brand weapon
 I - 2 scrolls of magic mapping
 L - a scroll of immolation
Potions
 a - 2 potions of attraction
 b - 2 potions of magic
 c - a potion of mutation
 d - a potion of ambrosia
 h - 3 potions of haste
 l - 3 potions of brilliance
 m - 2 potions of lignification
 n - a potion of resistance
 q - 2 potions of flight
 t - a potion of invisibility {unknown}
 u - a potion of might {unknown}


   Skills:
 + Level 7.4 Fighting
 + Level 7.4 Short Blades
 + Level 7.4 Long Blades
 + Level 7.4 Axes
 + Level 7.4 Maces & Flails
 + Level 7.4 Polearms
 + Level 7.4 Staves
 + Level 7.4 Ranged Weapons
 + Level 7.4 Throwing
 + Level 7.4 Armour
 + Level 8.8 Dodging
 + Level 8.6 Stealth
 + Level 7.4 Shields
 + Level 7.4 Unarmed Combat
 + Level 9.0 Spellcasting
 + Level 6.1 Conjurations
 + Level 6.1 Hexes
 + Level 6.1 Summonings
 + Level 6.1 Necromancy
 + Level 6.1 Translocations
 + Level 6.1 Transmutations
 + Level 6.1 Fire Magic
 + Level 9.5 Ice Magic
 + Level 6.1 Air Magic
 + Level 6.1 Earth Magic
 + Level 6.1 Poison Magic
 + Level 8.1 Invocations
 + Level 7.4 Evocations


You had 8 spell levels left.
You knew the following spells:

 Your Spells              Type           Power      Damage    Failure   Level
a - Freeze                Ice            100%       1d10      1%          1
b - Frozen Ramparts       Ice            84%        1d13      1%          3
c - Ozocubu's Armour      Ice            42%        N/A       1%          3
d - Summon Ice Beast      Ice/Summ       36%        N/A       1%          4
e - Arcjolt               Conj/Air       15%        1d25      2%          5
f - Fireball              Conj/Fire      15%        3d8       2%          5

Your spell library contained the following spells:

 Spells                   Type           Power      Damage    Failure   Level
 Sticky Flame             Conj/Fire      30%        2d5       1%          4
 Apportation              Tloc           60%        N/A       1%          1
 Foxfire                  Conj/Fire      100%       2x1d9     1%          1
 Necrotise                Necr           100%       1d9       1%          1
 Summon Small Mammal      Summ           100%       N/A       1%          1
 Tukima's Dance           Hex            30%        N/A       1%          3
 Vhi's Electric Charge    Tloc/Air       60%        N/A       1%          3
 Passage of Golubria      Tloc           30%        N/A       2%          4
 Yara's Violent Unravell  Hex/Tmut       15%        3d8       2%          5
 Metabolic Englaciation   Hex/Ice        18%        N/A       4%          5
 Silence                  Hex/Air        15%        N/A       8%          5
 Plasma Beam              Fire/Air       15%        2x1d29    12%         6
 Starburst                Conj/Fire      15%        6d6       12%         6
 Simulacrum               Ice/Necr       18%        N/A       21%         6
 Lehudib's Crystal Spear  Conj/Erth      15%        10d5      96%         8


Dungeon Overview and Level Annotations

Branches:
Dungeon (12/15)            Temple (1/1) D:4            Lair (0/5) D:8
    Orc (0/2) D:11          IceCv (1/1)

Altars:
Ashenzari
Cheibriados
Dithmenos
Elyvilon
Fedhas
Gozag
Hepliaklqana
Kikubaaqudgha
Makhleb
Nemelex Xobeh
Okawaru
Qazlal
Ru
Sif Muna
Trog
Uskayaw
Vehumet
Wu Jian
Xom
Yredelemnul
Zin
The Shining One

Shops:
D:1 *   D:6 :   D:10 (

Annotations:
D:4 2 transporters, javelincjr's ghost, amateur DjHW


Innate Abilities, Weirdness & Mutations

You have very sharp teeth.
Your uncanny sense of smell can sniff out nearby items.
Your experience applies equally to all skills.
You have a pair of small horns on your head.
You possess an exceptional clarity of mind.
Your natural rate of healing is unusually fast.


Message History

The anaconda simulacrum bites you but does no damage.
The anaconda simulacrum constricts you.
You hit the anaconda simulacrum.
The anaconda simulacrum is heavily damaged.
Your ice beast closely misses the anaconda simulacrum.
The anaconda simulacrum bites you. The anaconda simulacrum freezes you!!
The anaconda simulacrum constricts you.
Casting: Arcjolt (dangerous; 2% risk of failure)
Confirm with . or Enter, or press ? or * to list all spells.
Arcjolt might hit your ice beast.
Cast it anyway?
Okay, then.
Casting: Arcjolt (dangerous; 2% risk of failure)
Confirm with . or Enter, or press ? or * to list all spells.
Arcjolt might hit your ice beast.
Cast it anyway?
Electricity surges outward!
The anaconda simulacrum is struck by an electric surge.
The anaconda simulacrum is heavily damaged.
Your ice beast is struck by an electric surge!!
Your ice beast is severely wounded.
Your ice beast disappears in a puff of smoke!
The anaconda simulacrum bites you. The anaconda simulacrum freezes you!
* * * LOW HITPOINT WARNING * * *
The anaconda simulacrum constricts you.
* * * LOW HITPOINT WARNING * * *
The anaconda simulacrum barely misses you.
The anaconda simulacrum constricts you.
* * * LOW HITPOINT WARNING * * *
The anaconda simulacrum's grasp on you weakens, but your attempt to escape fails.
The anaconda simulacrum bites you but does no damage.
The anaconda simulacrum constricts you.
* * * LOW HITPOINT WARNING * * *
Casting: Arcjolt (dangerous; 2% risk of failure)
Confirm with . or Enter, or press ? or * to list all spells.
Electricity surges outward!
The anaconda simulacrum is struck by an electric surge!
The anaconda simulacrum is almost destroyed.
The anaconda simulacrum bites you.
* * * LOW HITPOINT WARNING * * *
The anaconda simulacrum freezes you!!
You die...

....
#+######'######
#.#.'.......'.#
#.###.8...8.###
#.#.'.......'.#
#.###.8...8.###.#
#.'...........'.#
#.###.8...8§###.#
#.#.'.....@Z'.#
#.###.8...8.###
#.#.'.......+
#'###'#...#+#
#...#.#...#
###.###...#
#...#...#
###'#...# ##
#⌠.##'##[⌠#


You could see an anaconda simulacrum.

Vanquished Creatures
  Gastronok (D:12)
  A boulder beetle (D:11)
  2 two-headed ogres
  A manticore (D:11)
  2 ice statues (IceCv)
  Psyche (D:11)
  2 anaconda simulacra (IceCv)
  A rime drake (D:8)
  7 ice devils (IceCv)
  A troll (D:11)
  A komodo dragon (D:11)
  2 hornets
  A wyvern (D:10)
  12 yaks
  A wraith (D:10)
  2 dire elephant simulacra (IceCv)
  2 harpy simulacra (IceCv)
  A hydra simulacrum (IceCv)
  2 acid dragons
  A sky beast (D:7)
  3 orc warriors
  8 ice beasts
  An ogre (D:4)
  2 wolves (D:8)
  3 centaurs
  4 kobold brigands
  4 bullfrogs (D:7)
  A scorpion (D:4)
  7 wights
  16 killer bees
  2 howler monkeys (D:12)
  2 hounds
  A jelly (D:4)
  4 orc priests
  A sleepcap (D:4)
  7 iguanas
  Natasha (twice) (D:2)
  12 orc wizards
  8 gnolls
  6 adders
  2 shadow imps
  A white imp (D:7)
  2 ufetubi (IceCv)
  2 worms
  A dart slug (D:1)
  45 orcs
  2 ball pythons (D:2)
  3 endoplasms (D:2)
  2 giant cockroaches
  10 goblins
  5 hobgoblins
  8 jackals (D:1)
  24 kobolds
  A quokka (D:1)
  7 bats
  3 frilled lizards
  7 rats
263 creatures vanquished.

Vanquished Creatures (collateral kills)
  Maurice (D:10)
  A gargoyle (D:11)
  A basilisk (D:9)
  A black bear (D:5)
  An ogre (D:7)
  A two-headed ogre simulacrum (IceCv)
  An orc priest (D:8)
  2 orc wizards (D:8)
  An orc (D:8)
  2 goblins (D:7)
  A kobold (D:8)
13 creatures vanquished.

Grand Total: 276 creatures vanquished

Notes
Turn   | Place    | Note
-------+----------+-------------------------------------------
     0 | D:1      | AlmostDecent the Gnoll Ice Elementalist began the quest for
                  | the Orb.
     0 | D:1      | Reached XP level 1. HP: 13/13 MP: 6/6
   111 | D:1      | Reached XP level 2. HP: 19/19 MP: 4/7
   250 | D:1      | You fall into a shaft and drop 1 floor!
   639 | D:1      | Reached skill level 5 in Spellcasting
   639 | D:1      | Reached XP level 3. HP: 22/25 MP: 4/9
   643 | D:1      | Learned a level 3 spell: Frozen Ramparts
   647 | D:1      | Learned a level 3 spell: Ozocubu's Armour
  1162 | D:2      | Reached skill level 1 in Invocations
  1257 | D:2      | Reached skill level 1 in Fighting
  1257 | D:2      | Reached skill level 1 in Short Blades
  1257 | D:2      | Reached skill level 1 in Long Blades
  1257 | D:2      | Reached skill level 1 in Axes
  1257 | D:2      | Reached skill level 1 in Maces & Flails
  1257 | D:2      | Reached skill level 1 in Polearms
  1257 | D:2      | Reached skill level 1 in Staves
  1257 | D:2      | Reached skill level 1 in Ranged Weapons
  1257 | D:2      | Reached skill level 1 in Throwing
  1257 | D:2      | Reached skill level 1 in Armour
  1257 | D:2      | Reached skill level 1 in Shields
  1257 | D:2      | Reached skill level 1 in Unarmed Combat
  1257 | D:2      | Reached skill level 1 in Evocations
  1564 | D:2      | Reached XP level 4. HP: 32/32 MP: 8/11
  1828 | D:2      | Found a stormy altar of Qazlal.
  1832 | D:2      | Noticed Natasha
  1839 | D:2      | Killed Natasha
  1840 | D:2      | Reached skill level 1 in Conjurations
  1840 | D:2      | Reached skill level 1 in Hexes
  1840 | D:2      | Reached skill level 1 in Summonings
  1840 | D:2      | Reached skill level 1 in Necromancy
  1840 | D:2      | Reached skill level 1 in Translocations
  1840 | D:2      | Reached skill level 1 in Transmutations
  1840 | D:2      | Reached skill level 1 in Fire Magic
  1840 | D:2      | Reached skill level 1 in Air Magic
  1840 | D:2      | Reached skill level 1 in Earth Magic
  1840 | D:2      | Reached skill level 1 in Poison Magic
  2159 | D:3      | Reached XP level 5. HP: 26/37 MP: 2/12
  2883 | D:3      | Found a white marble altar of Elyvilon.
  3406 | D:4      | Found a transporter.
  3409 | D:4      | Noticed javelincjr's ghost (amateur DjHW)
  3413 | D:4      | Found a transporter.
  3413 | D:4      | Noticed a black bear
  3523 | D:4      | Noticed an ogre
  3630 | D:1      | Bought a distressingly furry ring mail for 198 gold pieces
  3630 | D:1      | Identified the +1 ring mail "Qosk" {Rampage Drain Int+3}
                  | (You bought it in a shop on level 1 of the Dungeon)
  3806 | D:4      | Reached XP level 6. HP: 44/44 MP: 10/13
  3811 | D:4      | Learned a level 4 spell: Summon Ice Beast
  3848 | D:4      | Reached skill level 5 in Dodging
  3962 | D:4      | Found a staircase to the Ecumenical Temple.
  3968 | Temple   | Entered the Ecumenical Temple
  4022 | Temple   | Became a worshipper of Vehumet
  4255 | D:4      | Reached XP level 7. HP: 51/51 MP: 10/15
  4446 | D:5      | Entered Level 5 of the Dungeon
  4570 | D:5      | Found a shimmering altar of Xom.
  4584 | D:5      | Reached skill level 5 in Stealth
  4584 | D:5      | Found a burning altar of Makhleb.
  4586 | D:5      | Found a sacrificial altar of Ru.
  4588 | D:5      | Found an ornate altar of the Wu Jian Council.
  5171 | D:5      | Found a hazy altar of Hepliaklqana.
  5399 | D:6      | Reached XP level 8. HP: 54/58 MP: 7/16
  5418 | D:6      | Reached * piety under Vehumet
  5418 | D:6      | Offered knowledge of Kiss of Death by Vehumet.
  5757 | D:6      | Noticed a hornet
  5766 | D:6      | Paralysed by a hornet for 3 turns
  5770 | D:6      | Gained mutation: Your natural rate of healing is unusually
                  | fast. [potion of mutation]
  5770 | D:6      | Gained mutation: You have a pair of small horns on your
                  | head. [potion of mutation]
  5770 | D:6      | Gained mutation: You possess an exceptional clarity of
                  | mind. [potion of mutation]
  5770 | D:6      | Killed a hornet
  5839 | D:6      | Found Fonwygeh's Book Emporium.
  6141 | D:7      | Reached XP level 9. HP: 62/65 MP: 18/18
  6506 | D:1      | Bought a scroll labelled IQUFOTO FAESK for 22 gold pieces
  6506 | D:1      | Bought a scroll labelled IQUFOTO FAESK for 22 gold pieces
  6506 | D:1      | Bought an inky potion for 19 gold pieces
  6506 | D:1      | Bought a scroll labelled YJOMAYDGHIA for 22 gold pieces
  6506 | D:1      | Bought a scroll labelled UVYTYK NAKI for 22 gold pieces
  6545 | D:2      | Noticed Natasha
  6549 | D:2      | Killed Natasha
  6962 | D:7      | Found an iron altar of Okawaru.
  7366 | D:8      | Reached skill level 5 in Invocations
  7378 | D:8      | Offered knowledge of Sandblast by Vehumet.
  7384 | D:8      | Reached ** piety under Vehumet
  7385 | D:8      | Reached skill level 5 in Fighting
  7385 | D:8      | Reached skill level 5 in Short Blades
  7385 | D:8      | Reached skill level 5 in Long Blades
  7385 | D:8      | Reached skill level 5 in Axes
  7385 | D:8      | Reached skill level 5 in Maces & Flails
  7385 | D:8      | Reached skill level 5 in Polearms
  7385 | D:8      | Reached skill level 5 in Staves
  7385 | D:8      | Reached skill level 5 in Ranged Weapons
  7385 | D:8      | Reached skill level 5 in Throwing
  7385 | D:8      | Reached skill level 5 in Armour
  7385 | D:8      | Reached skill level 5 in Shields
  7385 | D:8      | Reached skill level 5 in Unarmed Combat
  7385 | D:8      | Reached skill level 5 in Evocations
  7385 | D:8      | Reached XP level 10. HP: 74/74 MP: 17/20
  7607 | D:8      | Found a staircase to the Lair.
  8081 | D:9      | Offered knowledge of Hailstorm by Vehumet.
  8416 | D:9      | Reached *** piety under Vehumet
  8940 | D:10     | Entered Level 10 of the Dungeon
  9083 | D:10     | Found a blossoming altar of Fedhas.
  9138 | D:10     | Noticed Maurice
  9151 | D:10     | Killed Maurice
  9383 | D:10     | Noticed a two-headed ogre
  9438 | D:10     | Killed a two-headed ogre
  9439 | D:10     | Reached skill level 5 in Conjurations
  9439 | D:10     | Reached skill level 5 in Hexes
  9439 | D:10     | Reached skill level 5 in Summonings
  9439 | D:10     | Reached skill level 5 in Necromancy
  9439 | D:10     | Reached skill level 5 in Translocations
  9439 | D:10     | Reached skill level 5 in Transmutations
  9439 | D:10     | Reached skill level 5 in Fire Magic
  9439 | D:10     | Reached skill level 5 in Air Magic
  9439 | D:10     | Reached skill level 5 in Earth Magic
  9439 | D:10     | Reached skill level 5 in Poison Magic
  9439 | D:10     | Reached XP level 11. HP: 79/81 MP: 21/23
  9668 | D:10     | Found Taera's Weapon Shop.
  9752 | D:11     | Learned a level 5 spell: Arcjolt
  9772 | D:11     | Noticed a manticore
  9785 | D:11     | Killed a manticore
  9831 | D:11     | Offered knowledge of Airstrike by Vehumet.
  9874 | D:11     | Noticed Psyche
  9885 | D:11     | Killed Psyche
  9934 | D:11     | Reached **** piety under Vehumet
 10005 | D:11     | Noticed a boulder beetle
 10017 | D:11     | Offered knowledge of Sticky Flame by Vehumet.
 10190 | D:11     | Killed a boulder beetle
 10413 | D:11     | Found a staircase to the Orcish Mines.
 10530 | D:12     | Noticed a two-headed ogre
 10537 | D:12     | Killed a two-headed ogre
 10551 | D:12     | Noticed Gastronok
 10580 | D:12     | Killed Gastronok
 10599 | D:12     | Found a frozen archway.
 10623 | D:12     | Learned a level 5 spell: Fireball
 10624 | IceCv    | Entered an ice cave
 10739 | IceCv    | Reached XP level 12. HP: 91/91 MP: 2/24
 11291 | IceCv    | Mangled by an anaconda simulacrum

Illustrated notes

Levels and vault maps discovered:
D:1:      wander_arrival_peaceful_grave, layout_loops_ring, serial_shops, shop,
          minmay_tetromino_s2
D:2:      layout_basic, basic_altar, uniq_natasha
D:3:      layout_basic, elyvilon_altar_1
D:4:      layout_gridville, minmay_temple_entry_enclosed_plants,
          gammafunk_ghost_arena, chequers_serial_rivers_micro_e,
          nicolae_nh_ransacked_shop
D:5:      layout_loops_ring, lemuel_round_altar, mainiacjoe_overflow_alcove_3,
          minivault_27
D:6:      layout_rooms, serial_shops, shop
D:7:      layout_basic, kennysheep_okawaru_gauntlet
D:8:      layout_rooms, hellmonk_lair_entry_icy, chequers_decorated_corner,
          kennysheep_pointless_box
D:9:      layout_loops_corners
D:10:     layout_long_grid, fedhas_altar_4, serial_shops,
          nicolae_shop_getting_attention, uniq_maurice
D:11:     layout_cave_pools, hiddenorc1_lemuel, uniq_psyche
D:12:     layout_roguey, serial_co_window_serial, co_window_of_opportunity_a,
          co_window_paths_a, co_window_paths_b, co_window_paths_b,
          co_window_paths_a, co_window_corner_b, co_window_of_opportunity_c,
          co_window_unsneaky_path_e, co_window_of_opportunity_b,
          co_window_paths_d, portal_ice_cave_entry_pillars_2,
          nicolae_hepliaklqana_monster_ancestors, uniq_gastronok
Temple:   zaba_magenta_temple
IceCv:    ice_cave_tombish

Skill      XL: |  1  2  3  4  5  6  7  8  9 10 11 12 |
---------------+-------------------------------------+-----
Spellcasting   | 5 6 7 8 9 |  9.0
Invocations    | 1 2 3 4 5 6 7 8 |  8.1
Fighting       | 1 2 3 5 6 7 |  7.4
Short Blades   | 1 2 3 5 6 7 |  7.4
Long Blades    | 1 2 3 5 6 7 |  7.4
Axes           | 1 2 3 5 6 7 |  7.4
Maces & Flails | 1 2 3 5 6 7 |  7.4
Polearms       | 1 2 3 5 6 7 |  7.4
Staves         | 1 2 3 5 6 7 |  7.4
Ranged Weapons | 1 2 3 5 6 7 |  7.4
Throwing       | 1 2 3 5 6 7 |  7.4
Armour         | 1 2 3 5 6 7 |  7.4
Shields        | 1 2 3 5 6 7 |  7.4
Unarmed Combat | 1 2 3 5 6 7 |  7.4
Evocations     | 1 2 3 5 6 7 |  7.4
Conjurations   | 1 2 3 4 5 6 |  6.1
Hexes          | 1 2 3 4 5 6 |  6.1
Summonings     | 1 2 3 4 5 6 |  6.1
Necromancy     | 1 2 3 4 5 6 |  6.1
Translocations | 1 2 3 4 5 6 |  6.1
Transmutations | 1 2 3 4 5 6 |  6.1
Fire Magic     | 1 2 3 4 5 6 |  6.1
Air Magic      | 1 2 3 4 5 6 |  6.1
Earth Magic    | 1 2 3 4 5 6 |  6.1
Poison Magic   | 1 2 3 4 5 6 |  6.1
Dodging        | 5 6 7 8 |  8.8
Stealth        | 5 6 7 8 |  8.6
Ice Magic      | 8 9 |  9.5

Action                     |  1- 3 |  4- 6 |  7- 9 | 10-12 || total
---------------------------+-------+-------+-------+-------++-------
  Melee: Unarmed           |     2 |       |       |       ||     2
         Bite              |     2 |     2 |    12 |    39 ||    55
         Club              |     8 |       |       |       ||     8
         Short sword       |     7 |    25 |    89 |   214 ||   335
         Punch             |       |       |     3 |     8 ||    11
         Headbutt          |       |       |     8 |    58 ||    66
   Cast: Freeze            |    59 |    43 |    63 |    63 ||   228
         Frozen Ramparts   |       |     4 |    25 |    36 ||    65
         Ozocubu's Armour  |       |     4 |    11 |    22 ||    37
         Summon Ice Beast  |       |       |     5 |    27 ||    32
         Fireball          |       |       |       |    42 ||    42
         Arcjolt           |       |       |       |    15 ||    15
    Use: Scroll            |       |       |    11 |    11 ||    22
         Potion            |       |       |     2 |     2 ||     4
   Stab: Sleeping          |       |       |     4 |     1 ||     5
 Armour: Robe              |    13 |    13 |    39 |    76 ||   141
  Dodge: Dodged            |    40 |    34 |    84 |   183 ||   341
